 Dungeon Crawl Stone Soup version 0.31-a0-233-g139696dc86 (webtiles) character file.

Game seed: 2523031006792532684

4329 qw the Skirmisher (level 10, -3/88 HPs)
             Began as a Minotaur Hexslinger on July 8, 2023.
             Slain by a two-headed ogre
             ... wielding a +0 giant club
              (10 damage)
             ... on level 9 of the Dungeon.
             The game lasted 00:03:14 (7771 turns).

qw the Skirmisher (Minotaur Hexslinger)             Turns: 7771, Time: 00:03:15

Health: -3/88      AC: 10    Str: 12      XL:     10   Next: 12%
Magic:  10/10      EV: 15    Int: 13 (14) God:
Gold:   197        SH:  0    Dex: 15 (16) Spells: 10/11 levels left

rFire   . . .        Y - +1 arbalest
rCold   . . .        (shield currently unavailable)
rNeg    . . .        a - +0 steam dragon scales
rPois   .            (helmet unavailable)
rElec   .            j - +0 cloak
rCorr   .            (no gloves)
SInv    .            h - +2 pair of boots
Will    ++...        k - amulet of regeneration
Stlth   +            e - ring of willpower
HPRegen 1.14/turn    (no ring)
MPRegen 0.12/turn

%: no passive effects
@: no status effects
A: horns 3, retaliatory headbutt, clever 1, deterioration 1, strong-willed 1,
passive freeze
a: no special abilities


You were on level 9 of the Dungeon.
You visited 2 branches of the dungeon, and saw 10 of its levels.
You also visited: Ossuary.

You collected 589 gold pieces.
You spent 392 gold pieces at shops.


Innate Abilities, Weirdness & Mutations

You have a pair of large horns on your head.
You reflexively headbutt those who attack you in melee.
Your mind is acute. (Int +4, Str/Dex -1)
Your body sometimes deteriorates upon taking damage.
You are strong-willed. (Will+)
A frigid envelope surrounds you and freezes all who hurt you.


   Skills:
 - Level 8.1 Fighting
 + Level 12.8 Ranged Weapons
 - Level 3.2 Armour
 - Level 6.1 Dodging
 - Level 1.0 Spellcasting
 - Level 2.0 Hexes


You had 10 spell levels left.
You knew the following spells:

 Your Spells              Type           Power      Damage    Failure   Level
a - Slow                  Hex            20%        N/A       12%         1

Your spell library contained the following spells:

 Spells                   Type           Power      Damage    Failure   Level
 Inner Flame              Hex/Fire       3%         N/A       50%         3
 Portal Projectile        Hex/Tloc       6%         N/A       50%         3
 Cause Fear               Hex            2%         N/A       77%         4

Inventory:

Hand Weapons
 Y - a +1 arbalest (weapon)
Armour
 a - +0 steam dragon scales (worn)
 h - a +2 pair of boots (worn)
 j - a +0 cloak (worn)
Jewellery
 e - a ring of willpower (left hand)
 k - an amulet of regeneration (around neck)
Scrolls
 f - a scroll of identify
Potions
 c - 4 potions of curing
 d - 2 potions of mutation
 g - 2 potions of enlightenment
 l - a potion of might
 m - 2 potions of haste
 n - a potion of degeneration {unknown}
 p - a potion of cancellation {unknown}
 q - a potion of resistance {unknown}

Dungeon Overview and Level Annotations

Branches:
Dungeon (9/15)             Temple (1/1) D:6         Ossuary (visited)
   Lair: D:8-11         Orc: D:9-12

Altars:
Ashenzari
Cheibriados
Dithmenos
Elyvilon
Fedhas
Gozag
Hepliaklqana
Kikubaaqudgha
Makhleb
Nemelex Xobeh
Qazlal
Ru
Sif Muna
Trog
Uskayaw
Vehumet
Wu Jian
Xom
Yredelemnul
Zin
The Shining One

Shops:
D:7 *   D:8 !

Annotations:
D:7 1 runed translucent door, qw's ghost, novice GrHs


Message History

You shoot a bolt. The bolt hits the shadow.
The shadow is moderately damaged.
The shadow misses you.
You shoot a bolt. The bolt hits the shadow!
The shadow is severely damaged.
The shadow completely misses you. The shadow hits you.
The shadow completely resists.
You shoot a bolt. The bolt hits the shadow.
The shadow is almost destroyed.
The shadow barely misses you. You furiously retaliate!
You headbutt the shadow!
You destroy the shadow!
You shoot a bolt. The bolt hits the phantom!
The phantom is heavily damaged.
The phantom hits you.
The phantom resists.
The phantom is very cold.
The phantom is severely damaged.
The phantom blinks!
You blink.
The two-headed ogre completely misses you.
The two-headed ogre hits you with a +0 giant club!
The two-headed ogre is very cold.
The two-headed ogre is lightly wounded.
The phantom hits you but does no damage.
The phantom resists.
The phantom is very cold.
The phantom is severely damaged.
You shoot a bolt. The bolt closely misses the phantom.
The bolt hits the orc zombie!
The orc zombie is almost destroyed.
The two-headed ogre barely misses you.
The two-headed ogre hits you with a +0 giant club!!
Your body deteriorates!
You feel dopey.
The two-headed ogre is very cold.
The two-headed ogre is lightly wounded.
The phantom closely misses you. You furiously retaliate!
You headbutt the phantom. You shoot a bolt.
The bolt hits the phantom but does no damage.
The phantom is severely damaged.
The phantom misses you. The two-headed ogre misses you.
You furiously retaliate!
You headbutt the two-headed ogre!
The two-headed ogre hits you with a +0 giant club!
You die...

#########.#####
#.........# .
#.....)..## Z#
## #........#
W. #.
#........#
#.##.
#...#..###
#W#.. #...#.##
#...##.O...#
#(##..ZW@###
#.Z.#####
#......###
##.$#### ##


You could see a two-headed ogre, a phantom, a hobgoblin zombie and an orc
zombie.

Vanquished Creatures
  Erica (D:8)
  A cyclops (D:9)
  Maurice (D:8)
  A hornet (D:8)
  A shadow (D:9)
  2 yaks (D:9)
  2 steam dragons (D:8)
  A water moccasin (D:5)
  2 orc warriors
  An ice beast (D:6)
  2 black bears
  A phantom (D:4)
  2 kobold brigands
  A bullfrog (D:7)
  A gnoll sergeant (D:8)
  3 scorpions
  2 howler monkeys (D:7)
  4 hounds
  A jelly (D:5)
  5 orc priests
  A gnoll bouda (D:5)
  3 iguanas
  2 sleepcaps
  6 orc wizards
  3 mummies (Ossuary)
  Robin (D:2)
  10 gnolls
  10 adders
  2 white imps
  3 adder zombies (Ossuary)
  2 worms (D:4)
  A dart slug (D:4)
  30 orcs
  13 bats
  10 endoplasms
  A giant cockroach (D:1)
  12 goblins
  10 hobgoblins
  4 jackals (D:2)
  22 kobolds
  A quokka (D:1)
  9 ball pythons
  5 frilled lizards
  5 goblin zombies (Ossuary)
  A hobgoblin skeleton (D:9)
  2 hobgoblin zombies (Ossuary)
  4 kobold zombies (Ossuary)
  An orc skeleton (D:9)
  4 orc zombies (D:9)
  3 quokka zombies (Ossuary)
  4 rats
  A rat zombie (Ossuary)
221 creatures vanquished.

Notes
Turn   | Place    | Note
-------+----------+-------------------------------------------
     0 | D:1      | qw the Minotaur Hexslinger began the quest for the Orb.
     0 | D:1      | Reached XP level 1. HP: 16/16 MP: 1/1
     0 | D:1      | 0 ||| qw: Version: 0.3-a-46-gb1f654a
     0 | D:1      | 0 ||| qw: Game counter: 3553
     0 | D:1      | 0 ||| qw: Melee chars always use a shield: true
     0 | D:1      | 0 ||| qw: God list: Okawaru
     0 | D:1      | 0 ||| qw: Allow faded altars: false
     0 | D:1      | 0 ||| qw: Do Orc after clearing Dungeon:15 true
     0 | D:1      | 0 ||| qw: Do second Lair branch before Depths: true
     0 | D:1      | 0 ||| qw: Lair rune preference: random
     0 | D:1      | 0 ||| qw: Goals: Normal
     0 | D:1      | 0 ||| PLANNING D:1-11
    58 | D:1      | 58 ||| Stepping ~*~*~tactically~*~*~ (outnumbered).
    67 | D:1      | Reached skill level 3 in Ranged Weapons
    69 | D:1      | Reached XP level 2. HP: 15/23 MP: 2/2
   410 | D:1      | Reached XP level 3. HP: 29/29 MP: 3/3
  1198 | D:1      | 1198 ||| UPGRADING to +0 ring mail.
  1208 | D:1      | 1208 ||| DROPPING +0 robe.
  1209 | D:1      | 1209 ||| READING scroll labelled UGUREI POBRA.
  1214 | D:1      | 1214 ||| READING 2 scrolls labelled DOMPEDW DIYPI.
  1215 | D:1      | 1215 ||| READING scroll labelled QETROPNACU.
  1216 | D:1      | 1216 ||| READING scroll labelled NICRIWKAYL.
  1217 | D:1      | 1217 ||| DROPPING scroll of poison.
  1218 | D:1      | 1218 ||| DROPPING scroll of amnesia.
  1259 | D:2      | Reached skill level 4 in Ranged Weapons
  1266 | D:2      | Reached skill level 1 in Armour
  1554 | D:2      | Reached XP level 4. HP: 35/36 MP: 4/4
  1754 | D:2      | Noticed Robin
  1768 | D:2      | Killed Robin
  1864 | D:2      | Reached skill level 5 in Ranged Weapons
  2159 | D:2      | 2159 ||| UPGRADING to +2 pair of boots.
  2164 | D:2      | 2164 ||| READING scroll labelled ZYREFE UKIGE.
  2165 | D:2      | 2165 ||| READING 3 scrolls labelled YNLUG ESOSEPP.
  2166 | D:2      | 2166 ||| DRINKING 3 glowing sapphire potions.
  2166 | D:2      | Gained mutation: Potions are less effective at restoring
                  | your health. [potion of mutation]
  2167 | D:2      | 2167 ||| DRINKING 2 potions of mutation.
  2167 | D:2      | Lost mutation: Potions are less effective at restoring your
                  | health. [potion of mutation]
  2167 | D:2      | Gained mutation: You have hidden genetic potential. [potion
                  | of mutation]
  2167 | D:2      | Gained mutation: Your mind is acute. (Int +4, Str/Dex -1)
                  | [potion of mutation]
  2167 | D:2      | Gained mutation: Your body sometimes deteriorates upon
                  | taking damage. [potion of mutation]
  2167 | D:2      | Gained mutation: A frigid envelope surrounds you and
                  | freezes all who hurt you. [potion of mutation]
  2168 | D:2      | 2168 ||| DROPPING 2 scrolls of noise.
  2312 | D:3      | Reached XP level 5. HP: 37/42 MP: 5/5
  2318 | D:3      | Reached skill level 3 in Fighting
  2653 | D:3      | Gained mutation: You are strong-willed. (Will+) [hidden
                  | potential]
  2798 | D:3      | 2798 ||| UPGRADING to ring of willpower.
  2799 | D:3      | 2799 ||| DRINKING 2 fuming black potions.
  2800 | D:3      | 2800 ||| READING 3 scrolls of identify.
  2800 | D:3      | 2800 ||| IDENTIFYING fuming amethyst potion
  2801 | D:3      | 2801 ||| READING 2 scrolls of identify.
  2801 | D:3      | 2801 ||| IDENTIFYING sedimented brown potion
  2802 | D:3      | 2802 ||| DROPPING potion of lignification.
  2803 | D:3      | 2803 ||| DROPPING potion of invisibility.
  2804 | D:3      | 2804 ||| DROPPING potion of brilliance.
  3012 | D:4      | Noticed a phantom
  3025 | D:4      | Killed a phantom
  3026 | D:4      | Reached skill level 6 in Ranged Weapons
  3026 | D:4      | Reached XP level 6. HP: 44/51 MP: 6/6
  3271 | D:4      | Gained mutation: You have a pair of large horns on your
                  | head. [hidden potential]
  3271 | D:4      | Lost mutation: You have hidden genetic potential. [hidden
                  | potential expressed]
  3716 | D:4      | 3716 ||| UPGRADING to amulet of regeneration.
  3721 | D:4      | 3721 ||| READING scroll labelled MUR VUIQAISIOTZ.
  3722 | D:4      | 3722 ||| READING scroll labelled XEOMNE TEFELL.
  3723 | D:4      | 3723 ||| READING 3 scrolls of identify.
  3723 | D:4      | 3723 ||| IDENTIFYING puce potion
  3724 | D:4      | 3724 ||| READING 2 scrolls of identify.
  3724 | D:4      | 3724 ||| IDENTIFYING lumpy ruby potion
  3773 | D:5      | Entered Level 5 of the Dungeon
  4333 | D:5      | Noticed a water moccasin
  4338 | D:5      | Killed a water moccasin
  4339 | D:5      | Reached skill level 7 in Ranged Weapons
  4339 | D:5      | Reached XP level 7. HP: 55/60 MP: 7/7
  4368 | D:5      | Reached skill level 8 in Ranged Weapons
  4382 | D:5      | Reached skill level 3 in Armour
  4399 | D:5      | 4399 ||| FLEEEEING.
  4831 | D:5      | 4831 ||| READING 2 scrolls of identify.
  4831 | D:5      | 4831 ||| IDENTIFYING bubbling ruby potion
  4832 | D:5      | 4832 ||| DROPPING potion of ambrosia.
  4949 | D:6      | Reached XP level 8. HP: 65/68 MP: 8/8
  4993 | D:6      | Found a broken altar of Ashenzari.
  5150 | D:6      | Reached skill level 9 in Ranged Weapons
  5157 | D:6      | 5157 ||| Stepping ~*~*~tactically~*~*~ (outnumbered).
  5159 | D:6      | 5159 ||| Stepping ~*~*~tactically~*~*~ (outnumbered).
  5246 | D:6      | Found a staircase to the Ecumenical Temple.
  5247 | D:6      | 5247 ||| PLANNING TEMPLE
  5247 | D:6      | 5247 ||| READING scroll labelled FEGIZOPECU.
  5248 | D:6      | 5248 ||| READING scroll labelled VAGOAPS USAORA.
  5286 | Temple   | Entered the Ecumenical Temple
  5362 | Temple   | 5362 ||| PLANNING D:1-11
  5526 | D:6      | Reached skill level 6 in Fighting
  5655 | D:6      | 5655 ||| DRINKING 2 green potions.
  5656 | D:6      | 5656 ||| DROPPING potion of attraction.
  5693 | D:7      | 5693 ||| STAIRDANCE
  5697 | D:6      | Reached skill level 3 in Dodging
  5723 | D:7      | 5723 ||| STAIRDANCE
  5741 | D:7      | 5741 ||| STAIRDANCE
  5765 | D:7      | Found an opulent altar of Gozag.
  5822 | D:7      | 5822 ||| READING scroll of enchant weapon.
  5822 | D:7      | 5822 ||| ENCHANTING +2 sling.
  5824 | D:7      | Found a shadowy altar of Dithmenos.
  5903 | D:7      | 5903 ||| FLEEEEING.
  5904 | D:7      | 5904 ||| FLEEEEING.
  5905 | D:7      | 5905 ||| FLEEEEING.
  5906 | D:7      | 5906 ||| FLEEEEING.
  5911 | D:7      | 5911 ||| Stepping ~*~*~tactically~*~*~ (outnumbered).
  5927 | D:7      | Reached skill level 10 in Ranged Weapons
  6039 | D:7      | 6039 ||| SWAPPING to +0 arbalest.
  6040 | D:7      | 6040 ||| DROPPING +3 sling.
  6051 | D:7      | Found Finois's Overcharged Wands.
  6059 | D:7      | 6059 ||| SHOPLISTING wand of digging (11) (693 gold, have
                  | 391).
  6069 | D:7      | Found a flagged portal.
  6170 | D:7      | Found a runed translucent door.
  6171 | D:7      | Noticed qw's ghost (novice GrHs)
  6285 | D:7      | 6285 ||| UPGRADING to +0 cloak.
  6290 | D:7      | 6290 ||| READING 2 scrolls of identify.
  6290 | D:7      | 6290 ||| IDENTIFYING black potion
  6321 | D:8      | 6321 ||| PLANNING OSSUARY
  6325 | D:8      | Found a sand-covered staircase.
  6333 | Ossuary  | Entered an ossuary
  6483 | Ossuary  | 6483 ||| READING scroll labelled GESACU YZOKH.
  6584 | Ossuary  | 6584 ||| DRINKING 2 viscous yellow potions.
  6689 | Ossuary  | 6689 ||| READING 2 scrolls of identify.
  6689 | Ossuary  | 6689 ||| IDENTIFYING glowing dark potion
  6690 | Ossuary  | 6690 ||| DROPPING potion of berserk rage.
  6693 | D:8      | 6693 ||| PLANNING D:1-11
  6718 | D:8      | 6718 ||| Stepping ~*~*~tactically~*~*~ (cloud).
  6721 | D:8      | Noticed Maurice
  6722 | D:8      | Reached XP level 9. HP: 75/79 MP: 9/9
  6742 | D:8      | 6742 ||| Stepping ~*~*~tactically~*~*~ (cloud).
  6743 | D:8      | 6743 ||| FLEEEEING.
  6744 | D:8      | HP: 19/79 [something (4)]
  6745 | D:8      | 6745 ||| READING scroll of teleportation.
  6746 | D:8      | 6746 ||| DRINKING potion of heal wounds.
  6746 | D:8      | Killed Maurice
  6747 | D:8      | Reached skill level 11 in Ranged Weapons
  6747 | D:8      | 6747 ||| Stepping ~*~*~tactically~*~*~ (cloud).
  6749 | D:8      | Noticed Erica
  6750 | D:8      | 6750 ||| FLEEEEING.
  6751 | D:8      | 6751 ||| FLEEEEING.
  6752 | D:8      | 6752 ||| FLEEEEING.
  6757 | D:8      | 6757 ||| FLEEEEING.
  6758 | D:8      | 6758 ||| FLEEEEING.
  6759 | D:8      | 6759 ||| FLEEEEING.
  6760 | D:8      | 6760 ||| FLEEEEING.
  6761 | D:8      | 6761 ||| STAIRDANCE
  6848 | D:8      | 6848 ||| STAIRDANCE
  6939 | D:8      | Killed Erica
  6940 | D:8      | Reached skill level 6 in Dodging
  6940 | D:8      | 6940 ||| STAIRDANCE
  7227 | D:8      | 7227 ||| READING scroll of enchant weapon.
  7227 | D:8      | 7227 ||| ENCHANTING +0 arbalest.
  7285 | D:8      | Paralysed by a hornet for 3 turns
  7286 | D:8      | Reached skill level 12 in Ranged Weapons
  7331 | D:8      | Found Iguv's Distillery.
  7340 | D:8      | 7340 ||| BUYING 2 potions of haste (280 gold).
  7340 | D:8      | Bought 2 potions of haste for 280 gold pieces
  7340 | D:8      | 7340 ||| BUYING potion of curing (42 gold).
  7340 | D:8      | Bought a potion of curing for 42 gold pieces
  7340 | D:8      | 7340 ||| BUYING potion of heal wounds (70 gold).
  7340 | D:8      | Bought a potion of heal wounds for 70 gold pieces
  7368 | D:8      | Found an ancient bone altar of Kikubaaqudgha.
  7371 | D:8      | Found a white marble altar of Elyvilon.
  7375 | D:8      | Found a sparkling altar of Nemelex Xobeh.
  7588 | D:8      | 7588 ||| UPGRADING to +0 steam dragon scales.
  7598 | D:8      | 7598 ||| DROPPING +0 ring mail.
  7599 | D:8      | 7599 ||| READING scroll labelled BOILEU XUYCIA.
  7632 | D:9      | HP: 14/81 [yak (13)]
  7633 | D:9      | 7633 ||| READING scroll of teleportation.
  7634 | D:9      | 7634 ||| DRINKING potion of heal wounds.
  7750 | D:9      | Noticed a cyclops
  7758 | D:9      | Killed a cyclops
  7759 | D:9      | Reached XP level 10. HP: 52/88 MP: 10/10
  7759 | D:9      | 7759 ||| FLEEEEING.
  7761 | D:9      | 7761 ||| FLEEEEING.
  7761 | D:9      | Noticed a two-headed ogre
  7762 | D:9      | 7762 ||| FLEEEEING.
  7763 | D:9      | 7763 ||| FLEEEEING.
  7764 | D:9      | 7764 ||| FLEEEEING.
  7770 | D:9      | HP: 6/88 [two-headed ogre/+0 giant club (22)]
  7771 | D:9      | Slain by a two-headed ogre

Levels and vault maps discovered:
D:1:      dpeg_arrival_ternary, layout_basic, st_stairs_7,
          hangedman_abyss_or_decor_stabs
D:2:      minmay_inner_zag, layout_loops_ring, uniq_robin
D:3:      layout_basic
D:4:      layout_gridville
D:5:      minmay_recursive_quarters, layout_basic,
          chequers_serial_rivers_small_a, feat_on_display
D:6:      layout_rooms, lemuel_coloured_pillars_altar, lemuel_temple_firewalk_b
D:7:      layout_rooms, mainiacjoe_overflow_large_starburst, enter_bailey_2,
          gammafunk_ghost_grave, nicolae_shop_overcharged_wands
D:8:      layout_cave_pools, grunt_temple_overflow_diamond,
          lightli_ossuary_entry_decrepit_ruins, serial_column_ruins,
          column_ruins_grid_1, column_ruins_open_small, column_ruins_grid_1,
          column_ruins_corridor_straight, column_ruins_open_small,
          column_ruins_grid_1, column_ruins_grid_1, serial_shops, shop,
          uniq_erica, uniq_maurice
D:9:      layout_basic, lemuel_doored_altar, hellmonk_lair_entry_icy,
          zombieorc1_lemuel
Temple:   regret_index_temple_waves

Skill      XL: |  1  2  3  4  5  6  7  8  9 |
---------------+----------------------------+-----
Ranged Weapons | 3 4 5 6 7 8 10 12 | 12.8
Fighting       | 2 3 4 5 7 8 |  8.1
Armour         | 1 3 |  3.2
Dodging        | 3 6 |  6.1
Spellcasting   | |  1.0
Hexes          | |  2.0

Action                     |  1- 3 |  4- 6 |  7- 9 | 10-12 || total
---------------------------+-------+-------+-------+-------++-------
   Fire: Sling             |   118 |   226 |   168 |       ||   512
         Arbalest          |       |       |   172 |     7 ||   179
    Use: Scroll            |     4 |     8 |    11 |       ||    23
         Potion            |       |     3 |     4 |       ||     7
 Armour: Robe              |     5 |       |       |       ||     5
         Ring mail         |    12 |    52 |    56 |       ||   120
         Steam dragon scal |       |       |    10 |     4 ||    14
  Dodge: Dodged            |    35 |    72 |   111 |     8 ||   226

Table legend:
 A = Non-vault XP
 B = Vault XP
 C = Vault XP percentage of total XP
 D = Non-vault monster count
 E = Vault monster count
 F = Vault count percentage of total count
                 A         B        C        D         E       F
            +---------+---------+-------+---------+---------+-------
      Total |    4408 |    1777 |  28.7 |     166 |      55 |  24.9
            +---------+---------+-------+---------+---------+-------
        D:1 |      56 |       3 |   5.1 |      27 |       2 |   6.9
        D:2 |      66 |      53 |  44.5 |      18 |      17 |  48.6
        D:3 |     110 |       0 |   0.0 |      21 |       0 |   0.0
        D:4 |     211 |       0 |   0.0 |      20 |       0 |   0.0
        D:5 |     593 |     217 |  26.8 |      12 |       6 |  33.3
        D:6 |     697 |       0 |   0.0 |      18 |       0 |   0.0
        D:7 |     591 |       0 |   0.0 |      17 |       0 |   0.0
        D:8 |    1098 |    1188 |  52.0 |      26 |       2 |   7.1
        D:9 |     986 |     229 |  18.8 |       7 |       7 |  50.0
    Ossuary |       0 |      87 | 100.0 |       0 |      21 | 100.0
            +---------+---------+-------+---------+---------+-------
